 Dungeon Crawl Stone Soup version 0.29.0-4-gdea44cf6ec (webtiles) character file.

Game seed: 1484138790562818822

149 qw the Chopper (level 5, -3/30 HPs)
             Began as a Tengu Warper on Aug 28, 2022.
             Slain by an orc
             ... wielding a +0 falchion
              (5 damage)
             ... on level 3 of the Dungeon.
             The game lasted 00:00:19 (2648 turns).

qw the Chopper (Tengu Warper)                       Turns: 2648, Time: 00:00:20

Health: -3/30      AC:  5    Str: 14    XL:     5   Next: 31%
Magic:  9/9        EV: 17    Int: 13    God:
Gold:   170        SH:  0    Dex: 13    Spells: 8/8 levels left

rFire   . . .      SeeInvis .   Y - +0 hand axe
rCold   . . .      Faith    .   (no shield)
rNeg    . . .      Spirit   .   g - +0 ring mail
rPois   .          Reflect  .   (helmet restricted)
rElec   .          Harm     .   (no cloak)
rCorr   .          Rampage  .   (no gloves)
Will    .....                   (boots unavailable)
Stlth   +.........              (no amulet)
HPRegen 0.10/turn               k - +4 ring of evasion
MPRegen 0.11/turn               (no ring)

@: about to teleport, flying quickly and evasively, quick
A: beak, talons 3, nimble flight
a: no special abilities


You were on level 3 of the Dungeon.
You visited 1 branch of the dungeon, and saw 3 of its levels.

You collected 170 gold pieces.


Innate Abilities, Weirdness & Mutations

You have a beak for a mouth.
You have claws for feet.
Your magical nature lets you fly swiftly and evasively.


   Skills:
 - Level 2.0 Fighting
 + Level 5.9 Axes
 - Level 1.0 Throwing
 - Level 1.1 Armour
 - Level 2.1 Dodging
 - Level 2.0 Spellcasting
 - Level 2.4 Translocations


You had 8 spell levels left.
You didn't know any spells.
Your spell library contained the following spells:

 Spells                   Type           Power      Damage    Failure   Level
 Blink                    Tloc           14%        N/A       30%         2
 Gell's Gravitas          Tloc           7%         N/A       52%         3
 Lesser Beckoning         Tloc           7%         N/A       52%         3
 Teleport Other           Tloc           7%         N/A       52%         3
 Manifold Assault         Tloc           7%         N/A       99%         5

Inventory:

Hand Weapons
 c - a +0 flail
 Y - a +0 hand axe (weapon)
Armour
 g - a +0 ring mail (worn)
Jewellery
 d - a ring of protection from fire
 k - a +4 ring of evasion (left hand)
Scrolls
 a - 3 scrolls of identify
 e - a scroll of brand weapon {unknown}
 f - a scroll of enchant weapon {unknown}
Potions
 b - 2 potions of mutation {unknown}

Dungeon Overview and Level Annotations

Branches:
Dungeon (3/15)

Altars:
Cheibriados


Message History

Enter note: A giant cockroach comes into view.
You hit the giant cockroach.
You kill the giant cockroach!
An orc priest comes into view. It is wielding a +0 dagger.
The orc priest shouts!
An orc wizard comes into view. It is wielding a +0 dagger.
An orc comes into view. It is wielding a +0 falchion.
The orc wizard shouts!
You hear a shout!
The orc wizard casts a spell.
The orc wizard flickers and vanishes!
Deactivating autopickup; reactivate with Ctrl-A.
An orc priest comes into view. It is wielding a +0 dagger.
The orc priest shouts!
You hit the orc priest but do no damage.
Your kick misses the orc priest. The orc priest closely misses you.
You hit the orc priest. You claw the orc priest.
The orc priest is severely wounded.
The orc priest hits you with a +0 dagger.
The orc priest casts a cantrip, but nothing happens.
A dart slug comes into view.
You hit the orc priest.
You kill the orc priest!
The orc priest invokes the aid of Beogh against you.
Beogh smites you! The orc barely misses you.
The orc priest calls down the wrath of Beogh upon you.
Beogh smites you!
2646 ||| READING scroll of teleportation.
As you read the scroll of teleportation, it crumbles to dust.
You feel strangely unstable. The orc misses you. Something hits you.
The orc priest casts a cantrip, but nothing happens.
You barely miss the orc. Your kick misses the orc. You hit something.
The orc completely misses you. Something hits you but does no damage.
You hit the orc.
The orc is almost dead.
You barely miss something. The orc hits you with a +0 falchion.
You die...

#.##.#.#. ... #.#.....
... #....#.# ..
#....#.### ..
#####......... #.
##..........# .## #.
##....###....###
..o..#{##...####........
...w..o@....# #....####
.....##..#######.#######
.## #>.................
#########...........
....................
########............
#............
#......).....
##########............


You could see an orc priest, a dart slug and an orc.

Vanquished Creatures
  An orc priest (D:3)
  3 adders
  3 worms
  4 dart slugs
  An orc (D:3)
  5 endoplasms
  3 giant cockroaches
  8 goblins
  11 hobgoblins
  5 jackals
  2 quokkas
  3 ball pythons (D:3)
  10 bats
  2 frilled lizards
  5 kobolds
  6 rats
72 creatures vanquished.

Notes
Turn   | Place    | Note
-------+----------+-------------------------------------------
     0 | D:1      | qw the Tengu Warper began the quest for the Orb.
     0 | D:1      | Reached XP level 1. HP: 12/12 MP: 4/4
     0 | D:1      | 0 ||| qw: Version: 0.1-a-89-g26bdef1
     0 | D:1      | 0 ||| qw: Game counter: 2034
     0 | D:1      | 0 ||| qw: Always use a shield: true
     0 | D:1      | 0 ||| qw: God list: Okawaru
     0 | D:1      | 0 ||| qw: Allow faded altars: false
     0 | D:1      | 0 ||| qw: Do Orc after D:15 true
     0 | D:1      | 0 ||| qw: Do second Lair branch before Depths: true
     0 | D:1      | 0 ||| qw: Lair rune preference: random
     0 | D:1      | 0 ||| qw: Plans: Normal
     0 | D:1      | 0 ||| PLANNING D:1-11
    79 | D:1      | 79 ||| Stepping ~*~*~tactically~*~*~ (stealth).
   142 | D:1      | Reached skill level 3 in Axes
   142 | D:1      | Reached XP level 2. HP: 15/17 MP: 6/6
   209 | D:1      | 209 ||| Stepping ~*~*~tactically~*~*~ (stealth).
   492 | D:1      | Reached XP level 3. HP: 21/21 MP: 7/7
   642 | D:1      | Reached skill level 4 in Axes
   917 | D:1      | 917 ||| READING scroll labelled BITSINTAODA.
   921 | D:1      | 921 ||| READING scroll labelled GER FIRUDISK.
   922 | D:1      | 922 ||| DRINKING 2 fuming ruby potions.
   923 | D:1      | 923 ||| DROPPING scroll of blinking.
   945 | D:2      | Found a snail-covered altar of Cheibriados.
   999 | D:2      | 999 ||| Stepping ~*~*~tactically~*~*~ (stealth).
  1000 | D:2      | 1000 ||| Stepping ~*~*~tactically~*~*~ (stealth).
  1129 | D:2      | 1129 ||| Stepping ~*~*~tactically~*~*~ (stealth).
  1149 | D:2      | 1149 ||| Stepping ~*~*~tactically~*~*~ (stealth).
  1350 | D:2      | Reached XP level 4. HP: 26/26 MP: 8/8
  1684 | D:2      | Found a faded altar of an unknown god.
  1775 | D:2      | 1775 ||| Stepping ~*~*~tactically~*~*~ (stealth).
  1779 | D:2      | 1779 ||| Stepping ~*~*~tactically~*~*~ (stealth).
  1806 | D:2      | 1806 ||| Stepping ~*~*~tactically~*~*~ (stealth).
  1918 | D:2      | 1918 ||| UPGRADING to +0 ring mail.
  1928 | D:2      | 1928 ||| DROPPING +0 leather armour.
  1929 | D:2      | 1929 ||| UPGRADING to +4 ring of evasion.
  1930 | D:2      | 1930 ||| READING 6 scrolls labelled RYTYBO YNESY.
  1931 | D:2      | 1931 ||| READING 2 scrolls labelled ALEZAOD WIOX.
  1932 | D:2      | 1932 ||| READING scroll labelled DELUPYQIUGA.
  2033 | D:2      | 2033 ||| READING 5 scrolls of identify.
  2033 | D:2      | 2033 ||| IDENTIFYING fizzy cyan potion
  2034 | D:2      | 2034 ||| READING 4 scrolls of identify.
  2034 | D:2      | 2034 ||| IDENTIFYING black potion
  2035 | D:2      | 2035 ||| DROPPING potion of attraction.
  2036 | D:2      | 2036 ||| DROPPING scroll of poison.
  2037 | D:2      | 2037 ||| DROPPING potion of flight.
  2105 | D:3      | 2105 ||| DROPPING +0 club.
  2215 | D:3      | Reached skill level 5 in Axes
  2330 | D:3      | HP: 6/26 [poisoned by an adder]
  2346 | D:3      | 2346 ||| FLEEEEING.
  2348 | D:3      | 2348 ||| DRINKING potion of heal wounds.
  2378 | D:3      | 2378 ||| FLEEEEING.
  2490 | D:3      | Gained mutation: Your magical nature lets you fly swiftly
                  | and evasively. [Tengu growth]
  2490 | D:3      | Reached XP level 5. HP: 24/30 MP: 9/9
  2645 | D:3      | HP: 3/30 [orc priest/divine providence (11)]
  2646 | D:3      | 2646 ||| READING scroll of teleportation.
  2648 | D:3      | Slain by an orc

Levels and vault maps discovered:
D:1:      dpeg_arrival_rooms_a, layout_basic, grunt_decor_fettered,
          minmay_crystal_room
D:2:      minmay_spotlight, layout_basic, basic_altar,
          shapermc_ecumenical_altar_mp_vishouse
D:3:      layout_basic

Skill      XL: |  1  2  3  4 |
---------------+-------------+-----
Axes           | 3 4 5 |  5.9
Fighting       | |  2.0
Throwing       | |  1.0
Armour         | |  1.1
Dodging        | |  2.1
Spellcasting   | |  2.0
Translocations | |  2.4

Action                   |  1- 3 |  4- 6 || total
-------------------------+-------+-------++-------
Melee: Hand axe          |    82 |    81 ||   163
       Kick              |    20 |    15 ||    35
       Peck              |     8 |    14 ||    22
       Punch             |     1 |     1 ||     2
Throw: Boomerang         |     7 |       ||     7
  Use: Scroll            |     2 |     6 ||     8
       Potion            |     1 |     1 ||     2
Armor: Leather armour    |    31 |     4 ||    35
       Ring mail         |       |     8 ||     8
Dodge: Dodged            |    53 |    58 ||   111

Table legend:
 A = Non-vault XP
 B = Vault XP
 C = Vault XP percentage of total XP
 D = Non-vault monster count
 E = Vault monster count
 F = Vault count percentage of total count
                 A         B        C        D         E       F
            +---------+---------+-------+---------+---------+-------
      Total |     206 |       8 |   3.7 |      69 |       3 |   4.2
            +---------+---------+-------+---------+---------+-------
        D:1 |      49 |       0 |   0.0 |      28 |       0 |   0.0
        D:2 |      48 |       8 |  14.3 |      19 |       3 |  13.6
        D:3 |     109 |       0 |   0.0 |      22 |       0 |   0.0
            +---------+---------+-------+---------+---------+-------
